 Dungeon Crawl Stone Soup version 0.31-a0-232-gb1c03b2570 (webtiles) character file.

Game seed: 7875809089696843222

249 qw the Shooter (level 6, -3/35 HPs)
             Began as a Gargoyle Hexslinger on July 7, 2023.
             Slain by an iguana (11 damage)
             ... on level 3 of the Dungeon.
             The game lasted 00:01:05 (2117 turns).

qw the Shooter (Gargoyle Hexslinger)                Turns: 2117, Time: 00:01:06

Health: -3/35      AC:  6    Str: 12    XL:     6   Next: 12%
Magic:  7/7        EV: 12    Int: 13    God:
Gold:   126        SH:  0    Dex: 14    Spells: 6/7 levels left

rFire   . . .        Y - +1 sling
rCold   . . .        (no shield)
rNeg    + . .        c - +0 robe
rPois   inf          (no helmet)
rElec   +            (no cloak)
rCorr   .            (no gloves)
SInv    .            (no boots)
Will    .....        (no amulet)
Stlth   +            (no ring)
HPRegen 0.25/turn    (no ring)
MPRegen 0.10/turn

%: no passive effects
@: no status effects
A: sickness immunity, AC +4, negative energy resistance 1, electricity
resistance, torment resistance 1, petrification resistance
a: no special abilities


You were on level 3 of the Dungeon.
You visited 1 branch of the dungeon, and saw 3 of its levels.

You collected 126 gold pieces.


Innate Abilities, Weirdness & Mutations

You are immune to sickness and miasma.
Your stone body is resilient. (AC +4)
You are immune to poison.
You resist negative energy. (rN+)
You are resistant to electric shocks. (rElec)
You are resistant to unholy torment.
You are immune to petrification.


   Skills:
 + Level 2.2 Fighting
 - Level 5.9 Ranged Weapons
 - Level 1.5 Dodging
 - Level 1.0 Spellcasting
 - Level 2.6 Hexes


You had 6 spell levels left.
You knew the following spells:

 Your Spells              Type           Power      Damage    Failure   Level
a - Slow                  Hex            28%        N/A       10%         1

Your spell library contained the following spells:

 Spells                   Type           Power      Damage    Failure   Level
 Inner Flame              Hex/Fire       4%         N/A       43%         3
 Portal Projectile        Hex/Tloc       8%         N/A       43%         3
 Cause Fear               Hex            3%         N/A       67%         4

Inventory:

Hand Weapons
 Y - a +1 sling (weapon)
Armour
 c - a +0 robe (worn)
 g - a +0 leather armour
Jewellery
 h - an amulet of regeneration
Scrolls
 d - a scroll of enchant weapon {unknown}
 i - a scroll of identify {unknown}
 k - a scroll of fog {unknown}
Potions
 a - a potion of cancellation {unknown}
 b - a potion of heal wounds {unknown}
 e - a potion of attraction {unknown}
 f - a potion of curing {unknown}
 j - a potion of might {unknown}

Dungeon Overview and Level Annotations

Branches:
Dungeon (3/15)

Altars:
Kikubaaqudgha


Message History

You shoot a sling bullet.
The sling bullet closely misses the iguana.
The iguana bites you.
You shoot a sling bullet.
The sling bullet hits the iguana but does no damage.
The iguana is moderately wounded.
The iguana closely misses you.
You shoot a sling bullet.
The sling bullet hits the iguana but does no damage.
The iguana is moderately wounded.
The iguana closely misses you.
You shoot a sling bullet.
The sling bullet closely misses the iguana.
The iguana bites you!
You shoot a sling bullet.
The sling bullet hits the iguana but does no damage.
The iguana is moderately wounded.
The iguana misses you.
You shoot a sling bullet.
The sling bullet hits the iguana but does no damage.
The iguana is moderately wounded.
The iguana barely misses you.
You shoot a sling bullet. The sling bullet hits the iguana!
The iguana is severely wounded.
The iguana bites you.
You shoot a sling bullet.
The sling bullet barely misses the iguana.
The iguana bites you but does no damage.
The iguana completely misses you.
You shoot a sling bullet.
The sling bullet closely misses the iguana.
The iguana misses you.
You shoot a sling bullet.
The sling bullet hits the iguana but does no damage.
The iguana is severely wounded.
The iguana closely misses you.
You shoot a sling bullet. The sling bullet hits the iguana.
The iguana is almost dead.
The iguana bites you!
You die...

# ####..##....
..###....###.###
#...>#......# #
###.....###### #
##.###...####
##.#.###.....#
##.#.#.##.###.#####
#l#.#.#.## #......#
#@###.#.###......#
#.## ##.#.##.......
#.# ##.#.##......
#.# ##.#.######.
#.# ##.#.## ## #.#
##.#.# # #.#
##.#.###### ##
##.#.##.....
##.#.##..####


You could see an iguana.

Vanquished Creatures
  Sigmund (D:3)
  An adder (D:2)
  3 orcs (D:3)
  5 bats
  7 endoplasms
  12 giant cockroaches
  5 goblins
  9 hobgoblins
  3 jackals (D:1)
  5 kobolds
  2 quokkas
  5 ball pythons
  3 frilled lizards
  6 rats
67 creatures vanquished.

Notes
Turn   | Place    | Note
-------+----------+-------------------------------------------
     0 | D:1      | qw the Gargoyle Hexslinger began the quest for the Orb.
     0 | D:1      | Reached XP level 1. HP: 12/12 MP: 2/2
     0 | D:1      | 0 ||| qw: Version: 0.3-a-46-gb1f654a
     0 | D:1      | 0 ||| qw: Game counter: 2484
     0 | D:1      | 0 ||| qw: Melee chars always use a shield: true
     0 | D:1      | 0 ||| qw: God list: Okawaru
     0 | D:1      | 0 ||| qw: Allow faded altars: false
     0 | D:1      | 0 ||| qw: Do Orc after clearing Dungeon:15 true
     0 | D:1      | 0 ||| qw: Do second Lair branch before Depths: true
     0 | D:1      | 0 ||| qw: Lair rune preference: random
     0 | D:1      | 0 ||| qw: Goals: Normal
     0 | D:1      | 0 ||| PLANNING D:1-11
   100 | D:1      | Reached XP level 2. HP: 16/16 MP: 3/3
   160 | D:1      | Reached skill level 3 in Ranged Weapons
   214 | D:1      | Found a faded altar of an unknown god.
   292 | D:1      | Reached XP level 3. HP: 21/21 MP: 4/4
   622 | D:1      | 622 ||| READING scroll labelled WOJIDA FIWIL.
   623 | D:1      | 623 ||| READING scroll labelled IKELEA RAMASSOS.
   624 | D:1      | 624 ||| DRINKING 2 lumpy blue potions.
   625 | D:1      | 625 ||| DROPPING scroll of poison.
   626 | D:1      | 626 ||| DROPPING potion of invisibility.
   942 | D:2      | Reached XP level 4. HP: 26/26 MP: 5/5
  1009 | D:2      | Reached skill level 4 in Ranged Weapons
  1255 | D:2      | 1255 ||| READING scroll labelled MUAWAH ULYEBBE.
  1284 | D:3      | Noticed Sigmund
  1288 | D:3      | 1288 ||| STAIRDANCE
  1349 | D:3      | 1349 ||| STAIRDANCE
  1358 | D:3      | 1358 ||| STAIRDANCE
  1416 | D:3      | 1416 ||| STAIRDANCE
  1432 | D:3      | 1432 ||| STAIRDANCE
  1449 | D:3      | 1449 ||| STAIRDANCE
  1476 | D:3      | 1476 ||| STAIRDANCE
  1510 | D:3      | 1510 ||| STAIRDANCE
  1562 | D:3      | 1562 ||| STAIRDANCE
  1614 | D:3      | 1614 ||| STAIRDANCE
  1616 | D:3      | 1616 ||| STAIRDANCE
  1618 | D:3      | 1618 ||| STAIRDANCE
  1644 | D:3      | 1644 ||| STAIRDANCE
  1646 | D:3      | 1646 ||| STAIRDANCE
  1648 | D:3      | 1648 ||| STAIRDANCE
  1679 | D:3      | Killed Sigmund
  1680 | D:3      | Reached skill level 5 in Ranged Weapons
  1680 | D:3      | Reached XP level 5. HP: 30/30 MP: 6/6
  1680 | D:3      | Reached XP level 6. HP: 35/35 MP: 7/7
  1695 | D:3      | Found an ancient bone altar of Kikubaaqudgha.
  1714 | D:3      | 1714 ||| FLEEEEING.
  2113 | D:3      | HP: 7/35 [iguana (4)]
  2117 | D:3      | Slain by an iguana

Levels and vault maps discovered:
D:1:      lightli_arrival_isolated_outpost, layout_basic,
          hellmonk_ecumenical_altar_pennies_from_heaven, hangedman_decor_growths
D:2:      minmay_roachtagon, layout_basic
D:3:      minmay_inner_zag, layout_rooms, mainiacjoe_overflow_cross_hatched,
          zin_scriptorium, uniq_sigmund

Skill      XL: |  1  2  3  4 |
---------------+-------------+-----
Ranged Weapons | 3 5 |  5.9
Fighting       | 2 |  2.2
Dodging        | |  1.5
Spellcasting   | |  1.0
Hexes          | |  2.6

Action                     |  1- 3 |  4- 6 || total
---------------------------+-------+-------++-------
   Fire: Sling             |   132 |   140 ||   272
    Use: Scroll            |     2 |     1 ||     3
         Potion            |     1 |       ||     1
 Armour: Robe              |    45 |    25 ||    70
  Dodge: Dodged            |    72 |    59 ||   131

Table legend:
 A = Non-vault XP
 B = Vault XP
 C = Vault XP percentage of total XP
 D = Non-vault monster count
 E = Vault monster count
 F = Vault count percentage of total count
                 A         B        C        D         E       F
            +---------+---------+-------+---------+---------+-------
      Total |     111 |     246 |  68.9 |      56 |      11 |  16.4
            +---------+---------+-------+---------+---------+-------
        D:1 |      38 |       0 |   0.0 |      22 |       0 |   0.0
        D:2 |      55 |      18 |  24.7 |      26 |       9 |  25.7
        D:3 |      18 |     228 |  92.7 |       8 |       2 |  20.0
            +---------+---------+-------+---------+---------+-------
